Map: Forteresse de fer EC

Players

AgCl

  • Race: Protoss Protoss

Karass - Winner!

  • Race: Terran Terran

VOD

Have the link to the VOD?

Description

Time

  • Played on: May 15, 2015, 2:25 a.m.
  • Length: 12:30
Show
View Real Time Build Order
Export as new Build Order

AgCl Protoss 

Build Orders: Oracle Opening, Oracle Opening 

Get SALT Encoding   

  12  0:04  Probe  
  13  0:19  Pylon  
  13  0:38  Probe  
  14  0:43  Gateway  
  14  0:47  Assimilator  
  14  0:50  Probe  
  15  1:03  Probe  
  16  1:07  Pylon  
  16  1:15  Probe (Chrono Boost)  
  17  1:21  Assimilator  
  18  1:26  Probe (Chrono Boost)  
  18  1:32  Probe (Chrono Boost)  
  19  1:34  Cybernetics Core  
  19  1:37  Zealot (Chrono Boost)  
  21  1:44  Probe  
  22  1:56  Probe (Chrono Boost)  
  23  2:07  Probe (Chrono Boost), Pylon  
  24  2:11  Warp Gate  
  24  2:15  Stargate  
  24  2:19  Probe  
  25  2:31  Probe  
  27  2:45  Mothership Core (Chrono Boost)  
  28  2:59  Probe (Chrono Boost), Oracle (Chrono Boost)  
  32  3:11  Probe  
  31  3:36  Probe (Chrono Boost)  
  31  3:38  Nexus  
  31  3:40  Fleet Beacon  
  31  3:56  Probe (Chrono Boost), Forge  
  29  4:15  Oracle (Chrono Boost)  
  32  4:35  Photon Cannon  
  32  4:40  Nexus  
  32  4:43  Graviton Catapult  
  32  4:44  Pylon  
  32  4:54  Pylon  
  32  4:55  Probe  
  32  4:56  Probe  
  31  5:32  Photon Cannon  
  30  5:52  Adept  
  32  6:01  Probe (Chrono Boost)  
  34  6:07  Probe (Chrono Boost)  
  36  6:12  Probe x2 (Chrono Boost)  
  37  6:18  Probe (Chrono Boost)  
  37  6:22  Probe (Chrono Boost)  
  38  6:27  Probe (Chrono Boost)  
  38  6:32  Probe (Chrono Boost)  
  41  6:36  Probe (Chrono Boost)  
  41  6:37  Probe (Chrono Boost)  
  43  6:42  Photon Cannon  
  43  6:45  Probe (Chrono Boost)  
  45  6:48  Probe x2 (Chrono Boost)  
  45  6:52  Probe (Chrono Boost)  
  40  6:54  Probe  
  40  6:55  Probe  
  40  6:56  Assimilator  
  42  7:03  Probe  
  42  7:06  Carrier (Chrono Boost)  
  43  7:18  Probe x2  
  43  7:21  Assimilator  
  44  7:24  Probe (Chrono Boost)  
  51  7:32  Photon Cannon  
  51  7:36  Probe x3 (Chrono Boost)  
  54  7:43  Probe x3 (Chrono Boost)  
  57  7:47  Stargate  
  55  7:54  Probe (Chrono Boost)  
  55  7:58  Probe (Chrono Boost)  
  58  7:59  Probe (Chrono Boost)  
  58  8:03  Carrier (Chrono Boost)  
  58  8:05  Probe (Chrono Boost)  
  56  8:09  Probe x2 (Chrono Boost)  
  58  8:14  Carrier (Chrono Boost)  
  61  8:42  Probe (Chrono Boost)  
  62  8:53  Probe x2 (Chrono Boost)  
  62  8:54  Assimilator  
  63  9:00  Probe (Chrono Boost)  
  64  9:06  Probe (Chrono Boost)  
  64  9:07  Probe (Chrono Boost)  
  66  9:12  Probe (Chrono Boost)  
  64  9:17  Probe (Chrono Boost)  
  64  9:22  Assimilator  
  57  9:33  Carrier (Chrono Boost)  
  57  9:37  Carrier (Chrono Boost)  
  51  10:12  Probe  
  49  10:17  Adept  
  51  10:25  Probe  
  45  11:17  Probe (Chrono Boost)  
Show
View Real Time Build Order
Export as new Build Order

Karass Terran - Winner!

Build Orders: Reaper Expand, Mech 

Get SALT Encoding   

  12  0:01  SCV  
  13  0:13  SCV  
  14  0:19  Supply Depot  
  14  0:25  SCV  
  15  0:40  SCV  
  16  0:43  Barracks  
  16  0:45  Refinery  
  16  0:52  SCV  
  17  1:04  SCV  
  18  1:16  SCV  
  19  1:29  Orbital Command  
  19  1:30  Reaper  
  20  1:38  Command Center  
  20  1:48  Supply Depot  
  20  1:55  SCV  
  21  2:05  Barracks Reactor  
  21  2:07  SCV  
  22  2:15  Refinery  
  22  2:19  SCV  
  23  2:23  Factory  
  23  2:32  SCV  
  24  2:42  Marine x2  
  24  2:44  SCV  
  26  2:56  SCV  
  27  3:03  Orbital Command  
  27  3:05  Marine x2  
  29  3:08  SCV  
  29  3:11  Widow Mine  
  32  3:15  Starport  
  32  3:20  SCV  
  32  3:23  Marine x2  
  34  3:32  SCV x2  
  36  3:40  Marine  
  37  3:41  Widow Mine  
  37  3:44  SCV  
  37  3:45  SCV  
  41  3:52  Medivac  
  41  3:53  Supply Depot  
  43  3:56  SCV  
  43  3:57  SCV  
  42  4:08  SCV  
  42  4:09  SCV  
  39  4:13  Marine x2  
  41  4:20  SCV  
  41  4:21  SCV  
  43  4:32  Medivac  
  43  4:33  SCV  
  43  4:35  SCV  
  43  4:37  Refinery x2  
  47  4:40  Supply Depot, Hellion  
  47  4:42  Supply Depot  
  47  4:44  Barracks Tech Lab  
  47  4:45  SCV  
  50  4:47  SCV  
  51  4:54  Factory  
  51  4:57  SCV  
  51  4:59  SCV  
  53  5:02  Medivac  
  54  5:09  SCV  
  54  5:11  SCV  
  55  5:24  SCV x2  
  58  5:41  SCV x2  
  59  5:44  Hellion x2  
  59  5:48  Factory  
  59  5:49  Factory  
  61  5:53  SCV x2  
  61  5:54  Siege Tank  
  64  6:04  Widow Mine  
  64  6:05  SCV, Hellion  
  64  6:06  Armory  
  64  6:07  Engineering Bay  
  64  6:10  Supply Depot  
  69  6:17  Command Center  
  69  6:31  SCV, Widow Mine x2  
  74  6:33  Widow Mine  
  74  6:34  Supply Depot x2  
  76  6:42  Factory Tech Lab, Factory Reactor  
  70  6:55  Terran Vehicle and Ship Weapons Level 1  
  70  6:59  Missile Turret x2  
  70  7:00  Widow Mine  
  75  7:01  Widow Mine  
  75  7:04  Infernal Pre-Igniter  
  77  7:19  Hellion x2  
  77  7:20  Hellion  
  83  7:24  Thor  
  83  7:29  Supply Depot, Hellion  
  88  7:30  Supply Depot x2  
  88  7:31  Hellbat  
  90  7:40  Widow Mine x2  
  90  7:41  Hellbat  
  96  7:50  Widow Mine  
  98  7:52  SCV x2, Hellbat  
  100  8:02  Hellbat  
  102  8:07  Hellbat  
  102  8:08  SCV  
  102  8:09  SCV, Hellbat  
  102  8:10  Hellbat  
  110  8:13  Widow Mine  
  110  8:17  Orbital Command  
  110  8:18  Widow Mine  
  114  8:21  SCV x2  
  114  8:23  Widow Mine  
  116  8:28  Siege Tank  
  116  8:30  Widow Mine  
  116  8:31  Siege Tank  
  116  8:33  SCV x2  
  126  8:42  Refinery, Hellbat  
  126  8:44  Refinery  
  126  8:48  SCV, Hellbat  
  130  8:50  Missile Turret  
  130  8:51  Widow Mine  
  133  8:58  Widow Mine  
  133  8:59  SCV x2  
  133  9:00  Siege Tank  
  133  9:01  SCV  
  139  9:03  Siege Tank, Widow Mine  
  138  9:11  SCV x2  
  138  9:13  SCV  
  139  9:23  SCV x2  
  138  9:24  Starport Reactor  
  138  9:28  Widow Mine  
  138  9:29  Widow Mine  
  141  9:32  Siege Tank  
  141  9:35  Siege Tank  
  145  9:40  Widow Mine x2  
  143  9:51  SCV x2  
  141  9:57  Widow Mine x2  
  131  10:01  Starport Reactor  
  131  10:04  Siege Tank  
  116  10:07  Siege Tank  
  119  10:19  Hellbat x2  
  119  10:21  SCV x2  
  125  10:26  Command Center, Missile Turret x2  
  125  10:27  Missile Turret x2  
  115  10:36  Thor  
  115  10:39  Thor, Viking x2  
  131  10:54  Drilling Claws  
  131  11:01  Hellbat  
  131  11:02  Hellbat x3  
  139  11:07  SCV x2  
  139  11:08  SCV  
  141  11:19  Thor  
  141  11:22  Siege Tank, Widow Mine x2  
  132  11:50  Widow Mine x2  
  132  11:52  Hellbat x2  
Tags
 
Add a new tag
Caveats
  • Supply blocks, unpowered buildings, or Contaminate may cause inaccurate times.
  • Supply counts are checked every 10 seconds.